 Dungeon Crawl Stone Soup version 0.23.2-1-ga50397a (webtiles) character file.

Game seed: 7969885064726652720

6750 dvd the Magician (level 10, -4/70 HPs)
             Began as a Demonspawn Ice Elementalist on May 4, 2019.
             Was a High Priest of Kikubaaqudgha.
             Slain by an ice dragon (12 damage)
             ... on level 10 of the Dungeon.
             The game lasted 00:44:38 (10083 turns).

dvd the Magician (Demonspawn Ice Elementalist)     Turns: 10083, Time: 00:44:39

Health: -4/70      AC: 17    Str: 10    XL:     10   Next: 75%
Magic:  8/21       EV: 15    Int: 17    God:    Kikubaaqudgha [*****.]
Gold:   647        SH:  0    Dex: 15    Spells: 1/24 levels left

rFire    + . .     SeeInvis +   h - +4 short sword (vamp)
rCold    + + .     Gourm    .   (no shield)
rNeg     . . .     Faith    .   y - +3 leather armour {rF+}
rPois    .         Spirit   .   (helmet restricted)
rElec    .         Reflect  .   K - +0 cloak
rCorr    .         Harm     .   j - +2 pair of gloves
MR       .....                  (no boots)
Stlth    ++........             s - amulet of rage
HPRegen  0.21/turn              f - ring of see invisible
MPRegen  0.17/turn              C - ring of protection from cold

@: icy armour
A: antennae 2, repulsion field 1, cold resistance 1, spiny 1, freezing cloud
immunity
a: Receive Corpses, Torment, Renounce Religion, Evoke Berserk Rage


You were on level 10 of the Dungeon.
You worshipped Kikubaaqudgha.
Kikubaaqudgha was extremely pleased with you.
You were not hungry.

You visited 1 branch of the dungeon, and saw 10 of its levels.
You also visited: Ossuary.

You collected 707 gold pieces.
You spent 60 gold pieces at shops.

Inventory:

Hand Weapons
 b - a +0 dagger
 h - a +4 vampiric short sword (weapon)
 u - a +2 whip of freezing
 x - a +3 long sword of freezing
 J - the +2 quarterstaff of Forgiveness {crush, Int+2}
   (You found it on level 7 of the Dungeon)

   It inflicts extra damage upon your enemies.
   It affects your intelligence (+2).
Armour
 j - a +2 pair of gloves (worn)
 n - a +0 buckler
 y - a +3 leather armour of fire resistance (worn)
 K - a +0 cloak (worn)
 M - a +0 troll leather armour
Jewellery
 f - a ring of see invisible (left hand)
 g - a +1 ring of evasion
 q - an uncursed ring of stealth
 s - an amulet of rage (around neck)
 C - a ring of protection from cold (right hand)
Wands
 t - a wand of clouds (5)
 z - a wand of polymorph (10)
 A - a wand of digging (6)
 F - a wand of acid (15)
 I - a wand of iceblast (20)
 L - a wand of flame (9)
Scrolls
 d - 6 scrolls of teleportation
 e - 9 scrolls of identify
 l - a scroll of enchant armour
 r - 3 scrolls of remove curse
 v - a scroll of fear
 B - 3 scrolls of fog
 G - a scroll of brand weapon
Potions
 a - a potion of resistance {unknown}
 i - a potion of berserk rage {unknown}
 k - a potion of lignification {unknown}
 m - 7 potions of curing
 o - a potion of invisibility {unknown}
 p - a potion of heal wounds {unknown}
 w - 3 potions of haste {unknown}
 D - a potion of mutation {unknown}
 E - a potion of magic {unknown}
 H - a potion of brilliance {unknown}
Comestibles
 c - 19 rations
 N - 5 chunks of flesh


   Skills:
 + Level 3.0 Fighting
 + Level 4.2 Short Blades
 + Level 2.6 Armour
 + Level 3.6 Dodging
 + Level 3.5 Stealth
 + Level 7.8 Spellcasting
 + Level 2.3 Conjurations
 * Level 5.2 Charms
 + Level 0.3 Summonings
 * Level 6.4 Necromancy
 * Level 7.6 Ice Magic


You had one spell level left.
You knew the following spells:

 Your Spells              Type           Power        Failure   Level  Hunger
a - Freeze                Ice            ####         1%          1    None
b - Throw Frost           Conj/Ice       ###...       2%          2    None
c - Ozocubu's Armour      Chrm/Ice       ####....     3%          3    #......
d - Summon Ice Beast      Ice/Summ       ###.....     26%         4    ###....
e - Regeneration          Chrm/Necr      ####......   3%          3    #......
f - Sublimation of Blood  Necr           ####......   1%          2    None
g - Throw Icicle          Conj/Ice       ###.....     19%         4    ###....
h - Animate Dead          Necr           N/A          10%         4    ###....

Your spell library contained the following spells:

 Spells                   Type           Power        Failure   Level  Hunger
 Animate Skeleton         Necr           N/A          1%          1    None
 Pain                     Necr           ####         1%          1    None
 Magic Dart               Conj           ##..         5%          1    None
 Sting                    Conj/Pois      ##..         9%          1    None
 Confusing Touch          Hex            #.....       14%         1    None
 Searing Ray              Conj           ##....       9%          2    None
 Poisonous Vapours        Pois/Air       #.....       22%         2    None
 Dazzling Spray           Conj/Hex       ##....       26%         3    #......
 Agony                    Necr           ####....     28%         5    #####..
 Dispel Undead            Necr           ####....     28%         5    #####..
 Mephitic Cloud           Conj/Pois/Air  #.......     30%         3    #......
 Excruciating Wounds      Chrm/Necr      ####......   34%         5    #####..
 Confuse                  Hex            #.......     38%         3    #......
 Gell's Gravitas          Tloc           #.........   38%         3    #......
 Iskenderun's Mystic Bla  Conj           ##......     47%         4    ###....
 Metabolic Englaciation   Hex/Ice        ###.......   63%         5    #####..
 Force Lance              Conj/Tloc      ##......     65%         4    ###....
 Fulminant Prism          Conj/Hex       ##........   65%         4    ###....
 Borgnjor's Vile Clutch   Necr/Erth      ###.......   71%         5    #####..
 Olgreb's Toxic Radiance  Pois           #.......     80%         4    ###....
 Petrify                  Tmut/Erth      #.......     80%         4    ###....
 Venom Bolt               Conj/Pois      ##........   94%         5    #####..
 Yara's Violent Unravell  Hex/Tmut       #.........   98%         5    #####..
 Haunt                    Necr/Summ      ###.......   100%        7    #######
 Borgnjor's Revivificati  Necr           ####......   100%        8    #######
 Death's Door             Chrm/Necr      ####......   100%        8    #######
 Infestation              Necr           ####......   100%        8    #######
 Necromutation            Tmut/Necr      ###.......   100%        8    #######


Dungeon Overview and Level Annotations

Branches:
Dungeon (10/15)            Temple (0/1) D:5            Lair (0/6) D:10
    Orc: D:9-12

Altars:
Ashenzari
Dithmenos
Gozag
Hepliaklqana
Kikubaaqudgha
Makhleb
Okawaru
Qazlal
Sif Muna
Uskayaw

Shops:
D:4 (   D:8 !


Innate Abilities, Weirdness & Mutations

You have a pair of antennae on your head.
You are surrounded by a mild repulsion field. (EV +2)
Your flesh is cold resistant. (rC+)
You are partially covered in sharp spines.
You are immune to freezing clouds.


Message History

Your iguana zombie closely misses the ice dragon.
Your human skeleton hits the ice dragon but does no damage.
Your human skeleton hits the ice dragon.
Okay, then.
Unknown command.
Casting: Ozocubu's Armour (safe; 3% risk of failure)
Confirm with . or Enter, or press ? or * to list all spells.
Your icy armour thickens.
The ice dragon bites you!
* * * LOW HITPOINT WARNING * * *
The ice dragon claws you.
* * * LOW HITPOINT WARNING * * *
The ice dragon misses you.
Your iguana zombie bites the ice dragon!
Your ogre skeleton barely misses the ice dragon.
Your human skeleton hits the ice dragon but does no damage.
You feel better. The ice dragon misses you.
The ice dragon claws you but does no damage.
The ice dragon tramples you!
You die...
Kikubaaqudgha rasps: "You have failed me!
Welcome... death!"

#...≈≈≈≈≈#
#...≈≈≈≈≈#
#≈.≈≈≈≈≈≈#
#≈≈≈≈≈..≈#
#≈≈≈.....#
#≈≈......#
#.....Z..#
#....ZD@#
##...ZZ.#
.#
#......#
#.#
##....##
#.##
##..##
##... #..#
#.... ##.#
#.### #.#
####.###
#.##
#.{.>...


You could see an ice dragon, a friendly iguana zombie, a friendly ogre skeleton
and 2 friendly human skeletons.

Vanquished Creatures
  Pikel (D:4)
  Maurice (D:9)
  A troll (D:9)
  Prince Ribbit (D:9)
  3 hippogriffs
  A warg (D:10)
  A water moccasin (D:10)
  2 sky beasts
  2 ice beasts
  A phantom (D:9)
  An orc warrior (D:8)
  4 ogres
  2 centaurs
  2 elf zombies (Ossuary)
  6 big kobolds
  3 bullfrogs
  A water moccasin skeleton (D:8)
  A wyvern skeleton (D:10)
  4 scorpions
  9 killer bees
  2 howler monkeys (D:4)
  A centaur zombie (Ossuary)
  11 crimson imps
  2 hounds
  2 orc priests
  4 jellies
  A human zombie (Ossuary)
  2 bullfrog skeletons (D:7)
  2 centaur skeletons
  Jessica (D:3)
  4 iguanas
  4 orc wizards
  6 worker ants
  2 mummies (Ossuary)
  A worker ant zombie (D:7)
  14 adders
  5 gnolls
  3 shadow imps
  4 adder zombies
  An adder skeleton (D:3)
  3 worms
  2 dart slugs (D:1)
  3 leopard geckos
  14 orcs
  A ball python (D:5)
  8 bats
  5 giant cockroaches
  6 goblins
  9 hobgoblins
  15 jackals
  4 quokkas
  3 frilled lizards
  2 goblin zombies (Ossuary)
  13 hobgoblin zombies (Ossuary)
  25 kobolds
  8 kobold zombies (Ossuary)
  2 leopard gecko skeletons (D:4)
  A leopard gecko zombie (D:6)
  8 orc zombies (Ossuary)
  A quokka skeleton (D:8)
  7 rats
  A rat zombie (Ossuary)
260 creatures vanquished.

Vanquished Creatures (collateral kills)
  2 hippogriffs
  A hungry ghost (D:7)
  A warg (D:10)
  An orc warrior (D:10)
  An eye of draining (D:9)
  A killer bee (D:8)
  An orc priest (D:10)
  2 hounds (D:7)
  2 orc wizards
  A bullfrog skeleton (D:8)
  A worker ant (D:7)
  3 gnolls (D:7)
  A shadow imp (D:7)
18 creatures vanquished.

Vanquished Creatures (others)
  A slave (D:4)
  A scorpion (D:4)
  A hound (D:4)
  A worm (D:4)
  An orc (D:5)
5 creatures vanquished.

Grand Total: 283 creatures vanquished

Notes
Turn   | Place    | Note
-------+----------+-------------------------------------------
     0 | D:1      | dvd the Demonspawn Ice Elementalist began the quest for the
                  | Orb.
     0 | D:1      | Reached XP level 1. HP: 13/13 MP: 3/3
   118 | D:1      | Gained mutation: You have a pair of small antennae on your
                  | head. [demonic ancestry]
   118 | D:1      | Reached XP level 2. HP: 9/19 MP: 0/5
   317 | D:1      | Learned a level 2 spell: Throw Frost
   713 | D:1      | Gained mutation: Your flesh is cold resistant. (rC+)
                  | [demonic ancestry]
   713 | D:1      | Reached XP level 3. HP: 24/24 MP: 3/6
  1115 | D:2      | Found a hazy altar of Hepliaklqana.
  1134 | D:2      | Learned a level 3 spell: Ozocubu's Armour
  1768 | D:2      | Reached XP level 4. HP: 30/30 MP: 2/8
  1928 | D:3      | Noticed Jessica
  2216 | D:3      | Killed Jessica
  2216 | D:3      | Gained mutation: You are partially covered in sharp spines.
                  | [demonic ancestry]
  2216 | D:3      | Reached XP level 5. HP: 29/35 MP: 3/10
  2675 | D:3      | Reached skill level 1 in Short Blades
  2819 | D:3      | Found a faded altar of an unknown god.
  2821 | D:3      | Became a worshipper of Kikubaaqudgha
  2821 | D:3      | Reached * piety under Kikubaaqudgha
  2821 | D:3      | Identified Kikubaaqudgha's Volume of Stolen Souls
                  | (Kikubaaqudgha gifted it to you on level 3 of the Dungeon)
  2821 | D:3      | Received a gift from Kikubaaqudgha
  2825 | D:3      | Learned a level 1 spell: Pain
  3117 | D:4      | Learned a level 3 spell: Regeneration
  3191 | D:4      | Gained mutation: You are immune to freezing clouds.
                  | [demonic ancestry]
  3191 | D:4      | Reached XP level 6. HP: 15/42 MP: 7/11
  3341 | D:4      | Found Athiob's Weapon Shop.
  3424 | D:4      | Reached skill level 1 in Necromancy
  3599 | D:4      | Noticed a slave
  3613 | D:4      | Noticed a slave
  3613 | D:4      | Noticed a slave
  3613 | D:4      | Noticed a slave
  3614 | D:4      | Noticed Pikel
  3658 | D:4      | Killed Pikel
  3658 | D:4      | Reached skill level 1 in Armour
  3658 | D:4      | Gained mutation: You are surrounded by a mild repulsion
                  | field. (EV +2) [demonic ancestry]
  3658 | D:4      | Reached XP level 7. HP: 14/47 MP: 0/14
  3972 | D:4      | Reached skill level 1 in Fighting
  4132 | D:4      | Reached ** piety under Kikubaaqudgha
  4133 | D:4      | Reached skill level 1 in Charms
  4146 | D:4      | Reached XP level 8. HP: 54/54 MP: 10/15
  4294 | D:5      | Entered Level 5 of the Dungeon
  4304 | D:5      | Reached skill level 5 in Ice Magic
  4333 | D:5      | Reached skill level 5 in Spellcasting
  4340 | D:5      | Found an opulent altar of Gozag.
  4568 | D:5      | Learned a level 2 spell: Sublimation of Blood
  4651 | D:5      | Learned a level 4 spell: Throw Icicle
  4851 | D:5      | Found a staircase to the Ecumenical Temple.
  5231 | D:5      | Found a stormy altar of Qazlal.
  5599 | D:6      | Reached *** piety under Kikubaaqudgha
  5599 | D:6      | Identified Kikubaaqudgha's Volume of Darkness
                  | (Kikubaaqudgha gifted it to you on level 6 of the Dungeon)
  5599 | D:6      | Received a gift from Kikubaaqudgha
  5606 | D:6      | Reached XP level 9. HP: 56/61 MP: 9/18
  5615 | D:6      | Learned a level 4 spell: Animate Dead
  5695 | D:6      | Found a sand-covered staircase.
  5699 | Ossuary  | Entered an ossuary
  5856 | Ossuary  | Reached **** piety under Kikubaaqudgha
  6574 | D:7      | Found an iron altar of Okawaru.
  6589 | D:7      | Found a shattered altar of Ashenzari.
  7012 | D:7      | Reached skill level 5 in Necromancy
  7189 | D:7      | Got a twisted quarterstaff
  7195 | D:7      | Identified the +2 quarterstaff of Forgiveness {crush,
                  | Int+2} (You found it on level 7 of the Dungeon)
  7630 | D:8      | Reached ***** piety under Kikubaaqudgha
  7727 | D:8      | Gained mutation: You have a pair of antennae on your head.
                  | [demonic ancestry]
  7727 | D:8      | Reached XP level 10. HP: 69/69 MP: 10/20
  7906 | D:8      | Found a shadowy altar of Dithmenos.
  7911 | D:8      | Found a hide-covered altar of Uskayaw.
  7911 | D:8      | Found an ancient bone altar of Kikubaaqudgha.
  8278 | D:8      | Found Fiajir's Distillery.
  8285 | D:8      | Bought a potion of degeneration for 15 gold pieces
  8285 | D:8      | Bought a potion of curing for 45 gold pieces
  8676 | D:9      | Found a burning altar of Makhleb.
  8957 | D:9      | Noticed Maurice
  8971 | D:9      | Killed Maurice
  9064 | D:9      | Reached skill level 5 in Charms
  9125 | D:9      | Noticed Prince Ribbit
  9131 | D:9      | Killed Prince Ribbit
  9208 | D:9      | Learned a level 4 spell: Summon Ice Beast
  9281 | D:9      | Found a deep blue altar of Sif Muna.
  9301 | D:10     | Entered Level 10 of the Dungeon
  9725 | D:10     | Found a staircase to the Lair.
 10065 | D:10     | Noticed an ice dragon
 10082 | D:10     | HP: 2/70 [ice dragon (9)]
 10083 | D:10     | Slain by an ice dragon

Skill      XL: |  1  2  3  4  5  6  7  8  9 10 |
---------------+-------------------------------+-----
Ice Magic      | 3 4 5 6 7 |  7.6
Dodging        | 2 3 |  3.6
Spellcasting   | 3 4 6 7 |  7.8
Stealth        | 2 3 |  3.5
Short Blades   | 1 2 4 |  4.2
Necromancy     | 3 5 6 |  6.4
Armour         | 1 2 |  2.6
Conjurations   | 2 |  2.3
Fighting       | 1 2 3 |  3.0
Charms         | 1 3 4 5 |  5.2
Summonings     | |  0.3

Action                   |  1- 3 |  4- 6 |  7- 9 | 10-12 || total
-------------------------+-------+-------+-------+-------++-------
Melee: Dagger            |     4 |       |       |       ||     4
       Unarmed           |     1 |       |       |       ||     1
       Short sword       |    45 |    70 |   363 |   161 ||   639
 Cast: Freeze            |    32 |    44 |    37 |    15 ||   128
       Throw Frost       |    13 |    19 |    30 |    12 ||    74
       Ozocubu's Armour  |     1 |     5 |    43 |    23 ||    72
       Regeneration      |       |       |    16 |    11 ||    27
       Pain              |       |       |    11 |       ||    11
       Sublimation of Bl |       |       |    12 |    11 ||    23
       Animate Dead      |       |       |     5 |    13 ||    18
       Throw Icicle      |       |       |     1 |     4 ||     5
       Summon Ice Beast  |       |       |       |     3 ||     3
Invok: Receive Corpses   |       |       |       |     1 ||     1
  Use: Scroll            |       |       |    17 |     5 ||    22
       Potion            |       |       |       |     2 ||     2
 Stab: Sleeping          |     2 |     4 |     7 |     2 ||    15
       Distracted        |       |       |     1 |       ||     1
  Eat: Chunk             |     5 |     7 |    16 |    12 ||    40
       Ration            |     1 |       |     1 |       ||     2
Armor: Robe              |    14 |     6 |       |       ||    20
       Leather armour    |       |     6 |   108 |    67 ||   181
Dodge: Dodged            |    45 |    75 |   281 |   127 ||   528
